 Dungeon Crawl Stone Soup version 0.31-a0-204-g7da18cac08 (webtiles) character file.

Game seed: 12743235036170391513

68 qw the Shooter (level 4, -2/25 HPs)
             Began as a Deep Elf Hunter on June 27, 2023.
             Slain by a gnoll
             ... wielding a +0 spear
              (3 damage)
             ... on level 3 of the Dungeon.
             The game lasted 00:00:36 (2151 turns).

qw the Shooter (Deep Elf Hunter)                    Turns: 2151, Time: 00:00:37

Health: -2/25      AC:  7    Str: 10    XL:     4   Next: 1%
Magic:  6/6        EV: 11    Int: 14    God:
Gold:   102        SH:  0    Dex: 18    Spells: 3/3 levels left

rFire   . . .        Y - +0 shortbow
rCold   . . .        (shield currently unavailable)
rNeg    . . .        g - +1 ring mail
rPois   .            b - +0 helmet
rElec   .            (no cloak)
rCorr   .            (no gloves)
SInv    .            (no boots)
Will    .....        a - amulet of regeneration
Stlth   +            (no ring)
HPRegen 1.04/turn    (no ring)
MPRegen 0.10/turn

%: no passive effects
@: no status effects
A: no striking features
a: no special abilities


You were on level 3 of the Dungeon.
You visited 1 branch of the dungeon, and saw 3 of its levels.

You collected 102 gold pieces.


   Skills:
 - Level 1.5 Fighting
 + Level 7.4 Ranged Weapons
 - Level 2.4 Dodging
 - Level 1.2 Stealth


You had 3 spell levels left.
You didn't know any spells.
Your spell library was empty.

Inventory:

Hand Weapons
 Y - a +0 shortbow (weapon)
Armour
 b - a +0 helmet (worn)
 g - a +1 ring mail (worn)
Jewellery
 a - an amulet of regeneration (around neck)
Wands
 c - a wand of digging (5)
Scrolls
 e - 4 scrolls of identify
 i - a scroll of fear {unknown}
Potions
 d - a potion of might {unknown}
 f - a potion of brilliance {unknown}
 h - a potion of curing {unknown}

Dungeon Overview and Level Annotations

Branches:
Dungeon (3/15)

Altars:
Qazlal


Message History

Enter note:
Enter note:
There are monsters nearby!
2137 ||| UPGRADING to +0 helmet.
You start putting on your armour.
You continue putting on your +0 helmet.
The gnoll hits you but does no damage.
Keep equipping yourself?
You continue putting on your +0 helmet.
The gnoll closely misses you.
You continue putting on your +0 helmet. x2
You finish putting on your +0 helmet.
You shoot an arrow. The arrow barely misses the gnoll.
You shoot an arrow. The arrow barely misses the gnoll.
The gnoll hits you with a +0 club. The gnoll barely misses you.
You shoot an arrow. The arrow hits the gnoll.
The gnoll is heavily wounded.
The gnoll hits you from afar with a +0 spear.
The gnoll barely misses you.
The gnoll hits you from afar with a +0 spear.
The gnoll hits you but does no damage.
You shoot an arrow. The arrow hits the gnoll!
You kill the gnoll!
The gnoll hits you from afar with a +0 spear.
You have reached level 4!
You feel clever.
You shoot an arrow. The arrow closely misses the gnoll.
The gnoll hits you from afar with a +0 spear.
You shoot an arrow. The arrow barely misses the gnoll.
The gnoll hits you from afar with a +0 spear.
You shoot an arrow. The arrow barely misses the gnoll.
The gnoll closely misses you.
You shoot an arrow. The arrow completely misses the gnoll.
The gnoll hits you from afar with a +0 spear.
You shoot an arrow. The arrow hits the gnoll.
The gnoll is moderately wounded.
The gnoll hits you but does no damage.
You shoot an arrow.
The arrow hits the gnoll but does no damage.
The gnoll is moderately wounded.
The gnoll hits you from afar with a +0 spear. x2
You die... #.# ¤¤¤¤¤8¤

#####.####### ¤¤¤¤###
#............ ¤¤¤¤#_#
#............ ¤¤¤¤#.#
#............ ¤¤¤¤#.#
#............ ¤¤¤¤#g#
#............
#####g######............
......)@....[...........
........................
#####...................
#...................
##..................
#..................
.<..................
##..................
.......


You could see 2 gnolls.

Vanquished Creatures
  A gnoll (D:3)
  An adder (D:2)
  A worm (D:2)
  A dart slug (D:1)
  5 ball pythons
  6 endoplasms
  A giant cockroach (D:2)
  5 goblins
  2 hobgoblins
  4 jackals
  5 kobolds
  A quokka (D:1)
  A bat (D:2)
  3 frilled lizards
  2 rats
39 creatures vanquished.

Notes
Turn   | Place    | Note
-------+----------+-------------------------------------------
     0 | D:1      | qw the Deep Elf Hunter began the quest for the Orb.
     0 | D:1      | Reached XP level 1. HP: 12/12 MP: 3/3
     0 | D:1      | 0 ||| qw: Version: 0.3-a-22-g0ed2b0b
     0 | D:1      | 0 ||| qw: Game counter: 6553
     0 | D:1      | 0 ||| qw: Melee chars always use a shield: true
     0 | D:1      | 0 ||| qw: God list: Okawaru
     0 | D:1      | 0 ||| qw: Allow faded altars: false
     0 | D:1      | 0 ||| qw: Do Orc after clearing Dungeon:15 true
     0 | D:1      | 0 ||| qw: Do second Lair branch before Depths: true
     0 | D:1      | 0 ||| qw: Lair rune preference: random
     0 | D:1      | 0 ||| qw: Goals: Normal
     0 | D:1      | 0 ||| PLANNING D:1-11
    65 | D:1      | Reached XP level 2. HP: 7/16 MP: 4/4
   116 | D:1      | Reached skill level 6 in Ranged Weapons
   867 | D:1      | 867 ||| UPGRADING to +0 scale mail.
   877 | D:1      | 877 ||| DROPPING +0 leather armour.
   878 | D:1      | 878 ||| UPGRADING to +0 ring mail.
   888 | D:1      | 888 ||| DROPPING +0 scale mail.
   889 | D:1      | 889 ||| READING scroll labelled FICLECWO ARACK.
   890 | D:1      | 890 ||| READING 3 scrolls labelled KYNACVYJOM.
   891 | D:1      | 891 ||| READING scroll labelled FIAREL ZAITHAESHRI.
   892 | D:1      | 892 ||| DROPPING scroll of butterflies.
   996 | D:2      | Reached XP level 3. HP: 20/20 MP: 5/5
  1481 | D:2      | 1481 ||| READING scroll of enchant armour.
  1481 | D:2      | 1481 ||| ENCHANTING +0 ring mail.
  1589 | D:2      | Reached skill level 7 in Ranged Weapons
  1817 | D:2      | 1817 ||| UPGRADING to amulet of regeneration.
  1822 | D:2      | 1822 ||| READING 2 scrolls labelled CIARAUCU DUARGHUBE.
  1823 | D:2      | 1823 ||| DROPPING scroll of noise.
  2136 | D:3      | Found a stormy altar of Qazlal.
  2137 | D:3      | 2137 ||| UPGRADING to +0 helmet.
  2146 | D:3      | Reached XP level 4. HP: 7/25 MP: 6/6
  2147 | D:3      | HP: 3/25 [gnoll/+0 spear (5)]
  2151 | D:3      | HP: 1/25 [gnoll/+0 spear (4)]
  2151 | D:3      | Slain by a gnoll

Levels and vault maps discovered:
D:1:      evilmike_arrival_grusome_pit, layout_basic
D:2:      layout_loops_corners
D:3:      layout_basic, nicolae_qazlal_eye_of_the_storm, uniq_ijyb

Skill      XL: |  1  2  3 |
---------------+----------+-----
Ranged Weapons | 6 7 |  7.4
Fighting       | |  1.5
Dodging        | |  2.4
Stealth        | |  1.2

Action                     |  1- 3 |  4- 6 || total
---------------------------+-------+-------++-------
   Fire: Shortbow          |   123 |     6 ||   129
    Use: Scroll            |     5 |       ||     5
 Armour: Ring mail         |    18 |     1 ||    19
  Dodge: Dodged            |    37 |     1 ||    38

Table legend:
 A = Non-vault XP
 B = Vault XP
 C = Vault XP percentage of total XP
 D = Non-vault monster count
 E = Vault monster count
 F = Vault count percentage of total count
                 A         B        C        D         E       F
            +---------+---------+-------+---------+---------+-------
      Total |      98 |       0 |   0.0 |      39 |       0 |   0.0
            +---------+---------+-------+---------+---------+-------
        D:1 |      32 |       0 |   0.0 |      16 |       0 |   0.0
        D:2 |      43 |       0 |   0.0 |      17 |       0 |   0.0
        D:3 |      23 |       0 |   0.0 |       6 |       0 |   0.0
            +---------+---------+-------+---------+---------+-------
